Map: Kairos Junction LE

Players

NEEK - Winner!

  • Race: Protoss Protoss
  • Spawn Location: 11:00

Arnovic

  • Race: Protoss Protoss
  • Spawn Location: 5:00

Event: DSCL Nationals 2018 - Finals

VOD

Have the link to the VOD?

Description

Time

  • Played on: Dec. 1, 2018, 5:05 a.m.
  • Length: 7:10

All games in this series

Show
View Real Time Build Order
Export as new Build Order

NEEK Protoss - Winner!

Build Orders: Oracle Opening 

Get SALT Encoding   

  12  0:00  Probe  
  13  0:12  Probe  
  14  0:17  Pylon  
  14  0:23  Probe  
  15  0:32  Probe  
  15  0:38  Gateway  
  15  0:40  Probe  
  17  0:55  Probe  
  18  1:00  Pylon  
  18  1:02  Assimilator  
  18  1:07  Assimilator  
  18  1:08  Probe  
  19  1:16  Probe  
  19  1:25  Probe  
  20  1:30  Cybernetics Core  
  21  1:37  Probe  
  21  1:39  Pylon  
  22  1:49  Probe  
  23  2:01  Probe  
  24  2:08  Stargate  
  24  2:13  Probe  
  25  2:18  Warp Gate  
  25  2:22  Stalker, Nexus  
  25  2:25  Pylon  
  26  2:53  Oracle  
  29  3:03  Stalker  
  31  3:07  Gateway  
  31  3:08  Pylon  
  31  3:29  Probe  
  31  3:33  Gateway  
  32  3:34  Robotics Facility  
  32  3:36  Stalker  
  32  3:42  Pylon  
  29  4:11  Gateway  
  29  4:12  Immortal  
  29  4:22  Stalker x2  
  37  4:38  Stalker  
  38  4:45  Observer  
  39  4:55  Probe  
  39  4:56  Probe  
  41  5:07  Probe  
  41  5:08  Immortal  
  41  5:11  Probe  
  47  5:19  Probe  
  48  5:24  Stalker x2  
  48  5:25  Stalker  
  54  5:34  Pylon  
  47  6:00  Probe x2  
  47  6:14  Probe x2  
  49  6:23  Stalker  
  47  6:35  Probe x2  
  53  6:40  Stalker x3  
Show
View Real Time Build Order
Export as new Build Order

Arnovic Protoss 

Build Orders: Zealot Archon, Dark Templar Rush 

Get SALT Encoding   

  12  0:00  Probe  
  13  0:12  Probe  
  14  0:18  Pylon  
  14  0:24  Probe  
  15  0:32  Probe  
  15  0:37  Gateway  
  15  0:40  Probe  
  16  0:46  Assimilator  
  17  0:51  Probe  
  18  1:03  Probe  
  19  1:15  Gateway  
  20  1:22  Assimilator  
  19  1:31  Cybernetics Core  
  19  1:35  Probe  
  20  1:47  Probe  
  20  1:48  Pylon  
  21  1:57  Warp Gate  
  21  1:59  Probe  
  22  2:07  Adept x2  
  26  2:11  Probe  
  27  2:20  Twilight Council  
  27  2:29  Pylon  
  27  2:34  Adept  
  29  2:48  Probe  
  29  2:49  Adept  
  32  2:56  Dark Shrine  
  32  3:05  Adept  
  34  3:16  Adept  
  36  3:27  Pylon  
  36  3:30  Shield Battery  
  36  3:32  Adept  
  36  3:52  Gateway  
  33  4:08  Stalker  
  35  4:11  Dark Templar  
  26  4:38  Dark Templar  
  26  4:48  Probe  
  23  4:58  Probe, Adept  
  25  5:01  Archon  
  25  5:04  Adept  
  28  5:09  Probe  
  29  5:16  Adept  
  31  5:21  Probe  
  32  5:29  Adept x2  
  36  5:52  Nexus  
  23  6:25  Adept x3  
  24  6:26  Probe  
  27  6:34  Probe  
  22  6:42  Dark Templar  
  22  6:46  Dark Templar  
Tags
 
Add a new tag
Caveats
  • Supply blocks, unpowered buildings, or Contaminate may cause inaccurate times.
  • Supply counts are checked every 10 seconds.